 Dungeon Crawl Stone Soup version 0.29.1-4-g47bece8355 (webtiles) character file.

Game seed: 15936289362813307873

259 Descartes the Magician (level 5, -4/28 HPs)
             Began as a Deep Elf Fire Elementalist on Dec 8, 2022.
             Slain by Duvessa
             ... wielding a +6 short sword of electrocution
              (15 damage)
             ... on level 4 of the Dungeon.
             The game lasted 00:09:45 (4046 turns).

Descartes the Magician (Deep Elf Fire Elementalist) Turns: 4046, Time: 00:09:45

Health: -4/28      AC:  3    Str:  5    XL:     5   Next: 94%
Magic:  6/13       EV: 12    Int: 22    God:
Gold:   186        SH:  0    Dex: 15    Spells: 12/13 levels left

rFire   . . .      SeeInvis .   o - +2 short sword (venom)
rCold   . . .      Faith    .   (no shield)
rNeg    . . .      Spirit   .   j - +0 leather armour
rPois   +          Reflect  .   (no helmet)
rElec   .          Harm     .   y - scarf {shadows}
rCorr   .          Rampage  .   (no gloves)
Will    .....                   (no boots)
Stlth   ++........              v - amulet of regeneration
HPRegen 0.89/turn               w - ring of poison resistance
MPRegen 0.13/turn               (no ring)

@: no status effects
A: no striking features
a: no special abilities


You were on level 4 of the Dungeon.
You visited 1 branch of the dungeon, and saw 4 of its levels.

You collected 186 gold pieces.

Inventory:

Hand Weapons
 i - a +2 dagger of venom
 o - a +2 short sword of venom (weapon)
 q - a +0 rapier
Missiles
 B - 6 silver javelins
Armour
 a - a +0 robe
 j - a +0 leather armour (worn)
 y - a scarf of shadows (worn)
 z - a +0 scale mail of fire resistance
Jewellery
 v - an amulet of regeneration (around neck)
 w - a ring of poison resistance (left hand)
Wands
 u - a wand of mindburst (22)
Scrolls
 g - 3 scrolls of identify {unknown}
 h - a scroll of butterflies {unknown}
 k - a scroll of magic mapping {unknown}
 l - a scroll of fear {unknown}
 m - a scroll of vulnerability {unknown}
 n - a scroll of summoning {unknown}
 r - a scroll of enchant armour {unknown}
 s - 3 scrolls of teleportation {unknown}
 A - a scroll of amnesia {unknown}
Potions
 b - a potion of magic
 c - a potion of flight {unknown}
 d - a potion of resistance {unknown}
 e - a potion of curing {unknown}
 f - 3 potions of brilliance {unknown}
 p - a potion of attraction {unknown}
 t - a potion of cancellation {unknown}
 x - a potion of lignification {unknown}
 C - a potion of heal wounds {unknown}


   Skills:
 + Level 3.9 Dodging
 + Level 4.1 Stealth
 + Level 4.6 Spellcasting
 + Level 2.9 Conjurations
 + Level 4.4 Fire Magic


You had 12 spell levels left.
You knew the following spells:

 Your Spells              Type           Power      Damage    Failure   Level
a - Foxfire               Conj/Fire      84%        2x1d8     3%          1

Your spell library contained the following spells:

 Spells                   Type           Power      Damage    Failure   Level
 Scorch                   Fire           48%        2d7       4%          2
 Conjure Flame            Conj/Fire      21%        6-21      12%         3
 Slow                     Hex            20%        N/A       19%         1
 Inner Flame              Hex/Fire       14%        N/A       22%         3
 Flame Wave               Conj/Fire      21%        2d8       36%         4
 Confusing Touch          Hex            5%         N/A       47%         3
 Ozocubu's Armour         Ice            5%         N/A       47%         3
 Vampiric Draining        Necr           5%         2d6       47%         3
 Metabolic Englaciation   Hex/Ice        2%         N/A       99%         5
 Simulacrum               Ice/Necr       2%         N/A       100%        6


Dungeon Overview and Level Annotations

Branches:
Dungeon (4/15)
 Temple: D:4-7

Altars:

Shops:
D:3 =!?

Annotations:
D:4 Dowan, Duvessa


Message History

You conjure some foxfire!
The foxfire hits Duvessa.
Duvessa is moderately wounded.
The foxfire hits Duvessa.
Duvessa is moderately wounded.
The foxfire hits Duvessa but does no damage.
Duvessa is moderately wounded.
Casting: Foxfire (safe; 3% risk of failure)
Confirm with . or Enter, or press ? or * to list all spells.
You conjure some foxfire!
The foxfire hits Duvessa but does no damage.
Duvessa is moderately wounded.
Dowan, Brother of Duvessa comes into view.
He is wielding a +0 dagger.
Unknown command.
Casting: Foxfire (safe; 3% risk of failure)
Confirm with . or Enter, or press ? or * to list all spells.
You conjure some foxfire!
The foxfire hits Duvessa but does no damage.
Duvessa is moderately wounded.
The foxfire hits Duvessa.
Duvessa is heavily wounded.
Duvessa hits you with a +6 short sword of electrocution!
Casting: Foxfire (safe; 3% risk of failure)
Confirm with . or Enter, or press ? or * to list all spells.
You conjure some foxfire!
The foxfire hits Duvessa but does no damage.
Duvessa is heavily wounded.
The foxfire hits Duvessa.
Duvessa is heavily wounded.
Duvessa hits you with a +6 short sword of electrocution.
Casting: Foxfire (safe; 3% risk of failure)
Confirm with . or Enter, or press ? or * to list all spells.
You conjure some foxfire!
The foxfire hits Duvessa but does no damage.
Duvessa is heavily wounded.
The foxfire hits Duvessa.
Duvessa is heavily wounded.
Duvessa hits you with a +6 short sword of electrocution.
You are electrocuted!
Ouch! That really hurt!
You die...

#######.#..#
#########
#.#..####........
#.#..T..#.########
#.#.###.#.#.).#.#.
###.#.###.........#.
#...#..............<
#...######.####.....
#...v....#.....<....
#.e@####.#.##.###...
...e..v#
#.#.##.>.....
###.####
#.#.########. #.
######.#.##....... .
#......#..'....... .
#.#########.......
#.##.......)......
#.##.####...######
#.##.####...####


You could see Duvessa (ally target) and Dowan.

Vanquished Creatures
  Pargi (D:3)
  Jessica (D:2)
  Ijyb (D:3)
  3 adders
  3 worms
  A dart slug (D:3)
  4 orcs (D:3)
  5 ball pythons
  5 bats
  7 endoplasms
  4 giant cockroaches
  6 hobgoblins
  6 jackals (D:3)
  7 kobolds
  3 quokkas
  A frilled lizard (D:3)
  7 goblins
  A rat (D:1)
66 creatures vanquished.

Vanquished Creatures (others)
  286 foxfires
286 creatures vanquished.

Grand Total: 352 creatures vanquished

Notes
Turn   | Place    | Note
-------+----------+-------------------------------------------
     0 | D:1      | Descartes the Deep Elf Fire Elementalist began the quest
                  | for the Orb.
     0 | D:1      | Reached XP level 1. HP: 10/10 MP: 6/6
   422 | D:1      | Reached XP level 2. HP: 15/15 MP: 5/8
  1252 | D:2      | Reached XP level 3. HP: 19/19 MP: 4/9
  2120 | D:2      | Noticed Jessica
  2126 | D:2      | Killed Jessica
  2127 | D:2      | Reached XP level 4. HP: 24/24 MP: 8/11
  2473 | D:3      | Noticed Ijyb
  2492 | D:3      | Killed Ijyb
  2799 | D:3      | Reached XP level 5. HP: 23/28 MP: 9/13
  2930 | D:3      | Found Savubb's Magic Scroll Shoppe.
  3515 | D:3      | Found Lurgh's Jewellery Boutique.
  3516 | D:3      | Found Muwuy's Distillery.
  3863 | D:4      | Noticed Pargi
  3910 | D:3      | Killed Pargi
  4038 | D:4      | Noticed Duvessa
  4043 | D:4      | Noticed Dowan
  4046 | D:4      | Slain by Duvessa

Illustrated notes

Levels and vault maps discovered:
D:1:      dpeg_arrival_snail, layout_basic
D:2:      layout_basic, uniq_jessica
D:3:      minmay_general_purpose_star, layout_loops_corners, serial_shops, shop,
          shop, shop, palyth_stone_intersect, uniq_ijyb
D:4:      layout_basic, nicolae_sif_muna_little_library,
          nicolae_shop_firing_range, uniq_duvessa, uniq_pargi

Skill      XL: |  1  2  3  4  5 |
---------------+----------------+-----
Stealth        | 3 4 |  4.1
Dodging        | 3 |  3.9
Conjurations   | 2 |  2.9
Fire Magic     | 4 |  4.4
Spellcasting   | 4 |  4.6

Action                   |  1- 3 |  4- 6 || total
-------------------------+-------+-------++-------
 Cast: Foxfire           |    77 |    94 ||   171
Armor: Leather armour    |     2 |     3 ||     5
Dodge: Dodged            |     8 |    20 ||    28
